 Dungeon Crawl Stone Soup version 0.28-a0-1567-g1695149f81 (webtiles) character file.

Game seed: 14160481287873184150

22 frimble the Grasshopper (level 2, -2/22 HPs)
             Began as a Demonspawn Warper on Jan 19, 2022.
             Slain by Sigmund (8 damage)
             ... on level 2 of the Dungeon.
             The game lasted 00:01:41 (1492 turns).

frimble the Grasshopper (Demonspawn Warper)         Turns: 1492, Time: 00:01:42

Health: -2/22      AC:  4    Str: 11    XL:     2   Next: 68%
Magic:  5/5        EV: 11    Int: 14    God:
Gold:   29         SH:  0    Dex: 12    Spells: 5/5 levels left

rFire   . . .      SeeInvis .   a - +0 short sword
rCold   . . .      Faith    .   (no shield)
rNeg    + . .      Spirit   .   b - +0 leather armour
rPois   .          Reflect  .   (no helmet)
rElec   .          Harm     .   m - +0 cloak
rCorr   .          Rampage  .   (no gloves)
Will    .....                   (no boots)
Stlth   +.........              (no amulet)
HPRegen 0.07/turn               g - ring of positive energy
MPRegen 0.09/turn               (no ring)

@: confused
A: foul stench 1
a: no special abilities


You were on level 2 of the Dungeon.
You visited 1 branch of the dungeon, and saw 2 of its levels.

You collected 29 gold pieces.

Inventory:

Hand Weapons
 a - a +0 short sword (weapon)
Armour
 b - a +0 leather armour (worn)
 m - a +0 cloak (worn)
Jewellery
 g - a ring of positive energy (left hand)
Scrolls
 c - a scroll of blinking
 e - a scroll of vulnerability
 h - a scroll of fog {unknown}
 i - a scroll of enchant weapon {unknown}
 j - 2 scrolls of teleportation {unknown}


   Skills:
 - Level 2.2 Fighting
 + Level 2.0 Short Blades
 - Level 1.2 Throwing
 - Level 1.2 Armour
 + Level 1.9 Dodging
 - Level 2.1 Spellcasting
 - Level 2.9 Translocations


You had 5 spell levels left.
You didn't know any spells.
Your spell library contained the following spells:

 Spells                   Type           Power      Damage    Failure   Level
 Blink                    Tloc           18%        N/A       14%         2
 Gell's Gravitas          Tloc           9%         N/A       28%         3
 Lesser Beckoning         Tloc           9%         N/A       28%         3
 Teleport Other           Tloc           9%         N/A       28%         3
 Manifold Assault         Tloc           9%         N/A       95%         5


Dungeon Overview and Level Annotations

Branches:
Dungeon (2/15)

Altars:

Annotations:
D:2 Sigmund


Innate Abilities, Weirdness & Mutations

You may rarely emit foul miasma when damaged in melee.


Message History

You hit Sigmund but do no damage.
Sigmund is moderately wounded.
You hit Sigmund.
Sigmund is moderately wounded.
Your extra speed is starting to run out.
Sigmund hits you with a +0 scythe.
You hit Sigmund.
Sigmund is heavily wounded.
You hit Sigmund but do no damage.
Sigmund is heavily wounded.
You hit Sigmund.
Sigmund is heavily wounded.
Sigmund hits you with a +0 scythe.
You hit Sigmund but do no damage.
Sigmund is heavily wounded.
You hit Sigmund.
Sigmund is heavily wounded.
Sigmund hits you with a +0 scythe.
You closely miss Sigmund.
Sigmund is heavily wounded.
You hit Sigmund.
Sigmund is heavily wounded.
You feel yourself slow down.
You hit Sigmund.
Sigmund is severely wounded.
Sigmund casts a spell at you.
You are confused.
Sigmund hits you from afar with a +0 scythe!
* * * LOW HITPOINT WARNING * * *
You bump into the rock wall.
Sigmund drinks a potion.
Sigmund is healed!
Sigmund gestures at you while chanting. You resist with significant effort.
There is an open door here.
You barely miss Sigmund.
Sigmund is lightly wounded.
Sigmund laughs darkly.
Sigmund points at you and mumbles some strange words.
You resist with significant effort.
Sigmund hits you from afar with a +0 scythe!
You die...

##+## ##...## ##.....##
### # ##.......## ##.##
#...####.........####..[#
....wS@'@........'.......
#...####.........####....
. ##.......## ##.#.
##.....## ###. ##...## #.
##+## #. #.# #.
#.######### #.
##<........# #.


You could see Sigmund, a worm and an adder.

Vanquished Creatures
  2 dart slugs
  4 ball pythons
  2 bats (D:1)
  4 endoplasms (D:1)
  A goblin (D:1)
  2 hobgoblins
  A kobold (D:1)
16 creatures vanquished.

Vanquished Creatures (others)
  A fungus (D:2)
1 creature vanquished.

Grand Total: 17 creatures vanquished

Notes
Turn   | Place    | Note
-------+----------+-------------------------------------------
     0 | D:1      | frimble the Demonspawn Warper began the quest for the Orb.
     0 | D:1      | Reached XP level 1. HP: 16/16 MP: 3/3
    28 | D:1      | Reached skill level 1 in Throwing
    67 | D:1      | Reached skill level 1 in Armour
   463 | D:1      | Gained mutation: You may rarely emit foul miasma when
                  | damaged in melee. [demonic ancestry]
   463 | D:1      | Reached XP level 2. HP: 22/22 MP: 5/5
  1421 | D:2      | Noticed Sigmund
  1492 | D:2      | Slain by Sigmund

Illustrated notes

Levels and vault maps discovered:
D:1:      arrival_zaba_pyramid, layout_basic, minmay_misc_feat_nine_boxes
D:2:      layout_loops_corners, ebering_ecumenical_altar_abandoned,
          chequers_serial_rivers_small_a, minmay_octomino_j4, uniq_sigmund,
          uniq_crazy_yiuf_cottage

Skill      XL: |  1  2 |
---------------+-------+-----
Throwing       | 1 |  1.2
Armour         | 1 |  1.2
Short Blades   | 2 |  2.0
Fighting       | |  2.2
Dodging        | |  1.9
Spellcasting   | |  2.1
Translocations | |  2.9

Action                   || total
-------------------------++-------
Melee: Short sword       ||    80
       Punch             ||     1
Throw: Boomerang         ||     5
  Use: Potion            ||     3
       Scroll            ||     1
 Stab: Sleeping          ||     2
Armor: Leather armour    ||    25
       Skin              ||    21
Dodge: Dodged            ||    31

Table legend: (Time is in decaauts)
 A = Elapsed time spent in this place.
 B = Non-inter-level travel time spent in this place.
 C = Inter-level travel time spent in this place.
 D = Time resting spent in this place.
 E = Time spent auto-exploring this place.
 F = Levels seen in this place.
 G = Mean time per level.
                   A        B        C        D        E       F      G
               +--------+--------+--------+--------+--------+-----+--------+
         Total |   1473 |   1399 |     74 |      0 |   1196 |   2 |  736.5 |
       Dungeon |   1473 |   1399 |     74 |      0 |   1196 |   2 |  736.5 |
               +--------+--------+--------+--------+--------+-----+--------+

Top non-repeatable levels by time:
     D:1: 1264 daAuts
     D:2: 209 daAuts
